 Dungeon Crawl Stone Soup version 0.24-a0-274-gb3763e6d51 (webtiles) character file.

Game seed: 13553352810454271818

30087 EnegeticOcto the Fighter (level 13, -2/145 HPs)
             Began as an Ogre Wizard on Apr 26, 2019.
             Was a High Priest of Kikubaaqudgha.
             Slain by a wolf (9 damage)
             ... on level 5 of the Lair of Beasts.
             The game lasted 01:07:35 (27956 turns).

EnegeticOcto the Fighter (Ogre Wizard)             Turns: 27956, Time: 01:07:36

Health: -2/145     AC:  4    Str: 11 (14) XL:     13   Next: 49%
Magic:  0/28       EV: 17    Int: 22 (23) God:    Kikubaaqudgha [*****.]
Gold:   1117       SH:  0    Dex:  9 (12) Spells: 11/34 levels left

rFire    + . .     SeeInvis .   a - +1 spear (flame)
rCold    . . .     Gourm    .   (no shield)
rNeg     . . .     Faith    .   y - +0 robe {rF+}
rPois    +         Spirit   .   L - +1 hat {MR+}
rElec    .         Reflect  +   (no cloak)
rCorr    .         Harm     .   (gloves unavailable)
MR       ++...                  (boots unavailable)
Stlth    ++........             g - +3 amulet of reflection
HPRegen  0.34/turn              j - ring of poison resistance
MPRegen  0.21/turn              K - ring of wizardry

@: agile, about to teleport, sleeping, very slightly contaminated, hasted
A: large, unfitting armour, tough skin 1
a: Receive Corpses, Torment, Renounce Religion


You were on level 5 of the Lair of Beasts.
You worshipped Kikubaaqudgha.
Kikubaaqudgha was extremely pleased with you.
You were very hungry.

You visited 2 branches of the dungeon, and saw 15 of its levels.
You also visited: Sewer and Bailey.

You collected 1117 gold pieces.

Inventory:

Hand Weapons
 a - a +1 spear of flaming (weapon)
 c - the +8 morningstar of Isaj {flame, rN+}
   (You found it on level 3 of the Lair of Beasts)

   It has been specially enchanted to burn those struck by it, causing extra
   injury to most foes and up to half again as much damage against particularly
   susceptible opponents.
   It protects you from negative energy.
 h - a +2 dagger of pain
 k - a +1 trident
 F - a +0 whip of electrocution
 I - a +3 scimitar of flaming
Missiles
 i - 7 throwing nets {!f}
 q - 3 javelins (quivered)
Armour
 y - a +0 robe of fire resistance (worn)
 L - a +1 hat of magic resistance (worn)
Magical Staves
 b - an uncursed staff of poison
 w - an uncursed staff of fire
Jewellery
 f - a +2 ring of evasion
 g - a +3 amulet of reflection (around neck)
 j - a ring of poison resistance (left hand)
 n - an uncursed ring of see invisible
 o - an uncursed ring of protection from magic
 K - a ring of wizardry (right hand)
 O - an uncursed amulet of the acrobat {unknown}
Wands
 x - a wand of polymorph (13)
 D - a wand of scattershot (2)
Scrolls
 d - 6 scrolls of teleportation {@r3 !r}
 l - 4 scrolls of immolation
 m - 4 scrolls of remove curse {@r2}
 p - 3 scrolls of amnesia
 t - 2 scrolls of enchant weapon
 A - 2 scrolls of magic mapping {@r5 !r}
 M - a scroll of fog {!r}
 P - a scroll of enchant armour
 Q - a scroll of silence
Potions
 r - 3 potions of flight
 s - 5 potions of mutation
 u - a potion of berserk rage {unknown}
 z - 2 potions of curing
 B - 2 potions of might {@q3 !q}
 C - a potion of degeneration
 E - 5 potions of agility {@q5 !q}
 G - 4 potions of brilliance {unknown}
 H - a potion of haste {@q4 !q}
 N - 4 potions of cancellation {unknown}
Miscellaneous
 J - a lightning rod (4/4)
 R - a sack of spiders
Comestibles
 e - 25 rations


   Skills:
 + Level 13.8 Fighting
 - Level 10.0 Polearms
 - Level 6.4 Dodging
 - Level 1.4 Stealth
 + Level 11.0 Spellcasting
 - Level 5.0 Conjurations
 - Level 4.0 Summonings
 * Level 6.9 Necromancy
 - Level 0.8 Translocations
 - Level 4.0 Air Magic
 + Level 5.0 Earth Magic


You had 11 spell levels left.
You knew the following spells:

 Your Spells              Type           Power        Failure   Level  Hunger
a - Magic Dart            Conj           ####         1%          1    None
b - Call Imp              Summ           ####....     1%          2    None
c - Bolt of Draining      Conj/Necr      #####.....   5%          5    ####...
d - Conjure Flame         Conj/Fire      ###.....     2%          3    None
e - Mephitic Cloud        Conj/Pois/Air  ####....     1%          3    None
f - Sublimation of Blood  Necr           #####.....   1%          2    None
M - Borgnjor's Vile Clut  Necr/Erth      #####.....   5%          5    ####...
Y - Blink                 Tloc           N/A          2%          2    None

Your spell library contained the following spells:

 Spells                   Type           Power        Failure   Level  Hunger
 Animate Skeleton         Necr           N/A          1%          1    None
 Pain                     Necr           ####         1%          1    None
 Sandblast                Erth           ####..       1%          1    None
 Passwall                 Tmut/Erth      ###.....     1%          2    None
 Searing Ray              Conj           ####..       1%          2    None
 Regeneration             Chrm/Necr      ####......   1%          3    None
 Stone Arrow              Conj/Erth      ####..       1%          3    None
 Vampiric Draining        Necr           #####.....   1%          3    None
 Animate Dead             Necr           N/A          1%          4    #......
 Dazzling Spray           Conj/Hex       ###...       2%          3    None
 Iskenderun's Mystic Bla  Conj           ####....     2%          4    #......
 Slow                     Hex            ##......     3%          2    None
 Dispel Undead            Necr           #####...     3%          5    ####...
 Force Lance              Conj/Tloc      ####....     6%          4    #......
 Fulminant Prism          Conj/Hex       ###.......   8%          4    #......
 Petrify                  Tmut/Erth      ###.....     8%          4    #......
 Lee's Rapid Deconstruct  Erth           ####......   8%          5    ####...
 Excruciating Wounds      Chrm/Necr      ####......   16%         5    ####...
 Simulacrum               Ice/Necr       ####......   58%         6    ######.


Dungeon Overview and Level Annotations

Branches:
Dungeon (10/15)            Temple (0/1) D:5            Lair (5/6) D:10
  Swamp (0/4) Lair:4        Snake (0/4) Lair:3
  Slime: Lair:5-6       Orc: D:9-12

Altars:
Fedhas
Kikubaaqudgha
Trog
Yredelemnul

Annotations:
Lair:2 exclusion: 2 oklob plants


Innate Abilities, Weirdness & Mutations

You are too large for most types of armour.
You have tough skin. (AC +1)


Message History

Really quaff
E - 6 potions of agility {@q5 !q}?
You feel agile all of a sudden. The wolf closely misses you.
You block the wolf's attack. The wolf barely misses you.
The wolf closely misses you. The wolf bites you!
* * * LOW HITPOINT WARNING * * *
You block the wolf's attack.
Really quaff
v - a potion of heal wounds {@q2 !q}?
You feel much better. The wolf bites you!
* * * LOW HITPOINT WARNING * * *
The wolf bites you!
* * * LOW HITPOINT WARNING * * *
The wolf bites you!
* * * LOW HITPOINT WARNING * * *
The wolf barely misses you. The wolf closely misses you.
The wolf barely misses you. The wolf closely misses you. The wolf bites you!
* * * LOW HITPOINT WARNING * * *
Okay, then.
Casting: Magic Dart (safe; 1% risk of failure)
Confirm with . or Enter, or press ? or * to list all spells.
You blink.
The wolf misses you.
A black mamba comes into view.
A blink frog comes into view.
You block the wolf's attack.
The wolf falls through a shaft!
The shaft crumbles and collapses.
The black mamba moves out of view.
Casting: Blink (safe; 2% risk of failure)
Confirm with . or Enter, or press ? or * to list all spells.
You blink.
A dream sheep comes into view.
The dream sheep bleats!
The blink frog croaks.
You hear a loud, deep croak!
Found a scale mail and 17 gold pieces.
Casting: Blink (safe; 2% risk of failure)
Confirm with . or Enter, or press ? or * to list all spells.
You blink.
A dream sheep comes into view.
The dream sheep bleats!
The wolf closely misses you. x2; You block the wolf's attack.
The wolf closely misses you. x2
A dream sheep comes into view.
Casting: Blink (safe; 2% risk of failure)
Confirm with . or Enter, or press ? or * to list all spells.
You blink.
The black mamba hisses angrily.
The blink frog blinks!
Casting: Blink (safe; 2% risk of failure)
Confirm with . or Enter, or press ? or * to list all spells.
You don't have enough magic to cast that spell.
Okay, then.
Saving game... please wait.
Welcome back, EnegeticOcto the Ogre Wizard.
Kikubaaqudgha says: Spread unending torment and darkness!
Press ? for a list of commands and other information.
The wolf barely misses you. You block the wolf's attack.
The wolf completely misses you. The wolf bites you.
* * * LOW HITPOINT WARNING * * *
The wolf bites you.
* * * LOW HITPOINT WARNING * * *
The black mamba barely misses you.
It was a potion of curing.
You feel better. The wolf barely misses you. You block the wolf's attack.
The blink frog blinks!
The black mamba completely misses you. The wolf closely misses you.
Really quaff
H - 2 potions of haste {@q4 !q}?
You feel yourself speed up. The black mamba completely misses you.
The wolf misses you. The wolf completely misses you.
The wolf barely misses you. The black mamba closely misses you.
The wolf bites you!
* * * LOW HITPOINT WARNING * * *
The wolf misses you. The wolf bites you.
* * * LOW HITPOINT WARNING * * *
Okay, then.
You feel better. The black mamba bites you.
* * * LOW HITPOINT WARNING * * *
The wolf closely misses you.
The dream sheep ruffles its wool and motes of dream dust sparkle, to no effect.
The wolf misses you. The black mamba misses you.
Okay, then.
Evoke which item? (* to show all) (? for menu, Esc to quit)
Okay, then.
It was a potion of degeneration.
There was something very wrong with that liquid.
You feel weakened.
You feel dopey.
You feel clumsy. The wolf bites you.
* * * LOW HITPOINT WARNING * * *
The wolf barely misses you. x2; The black mamba closely misses you.
You feel better. The wolf closely misses you. The wolf completely misses you.
A blink frog comes into view.
The black mamba misses you. The wolf closely misses you.
The blink frog blinks! x2
The blink frog moves out of view.
Cast which spell? (? or * to list)
You blink.
The blink frog blinks!
The dream sheep ruffle their wool and motes of dream dust sparkle, to no effect.
Okay, then.
Okay, then.
Really read
d - 7 scrolls of teleportation {@r3 !r}?
As you read the scroll of teleportation {@r3 !r}, it crumbles to dust.
You feel strangely unstable. You block the wolf's attack.
The dream sheep shake their wool and sparkle.
You feel drowsy...
You fall asleep.
The wolf bites you!
You die...
Kikubaaqudgha rasps: "You have failed me!
Welcome... death!"

#.....#.....#....P......P.....
#.................PP...P.P....
#....P#....#.....PP.....#.....
##...............PPP...[.......
###................PP.#...#PP....
.......†.............P..PP.PP....
.......†............[.....PP.P...
............§.F.h...........P....
..#../.§......hh@................
#..#...........S.................
..#.......Y.....§................
...#.....Y###+#....F..#.#....÷...
........#.# ..####...P##..≈÷<.≈≈≈
.###.....#..... ...P#P..≈†.≈≈≈≈
.......§....... ...###.≈≈≈≈≈≈≈≈
..#......P..... .... #.≈≈≈≈≈≈≈≈
##....##...Y. #..≈≈≈≈≈≈≈≈


You could see a black mamba, 2 blink frogs, 3 wolves and 2 dream sheep.

Vanquished Creatures
  A hydra (Lair:3)
  Harold (Lair:2)
  Erica (D:8)
  2 two-headed ogres
  8 death yaks
  Pikel (D:7)
  Joseph (D:9)
  10 spiny frogs
  6 black mambas
  A torpor snail (Lair:4)
  A rime drake (Lair:4)
  4 komodo dragons
  2 polar bears
  A queen bee (D:8)
  5 blink frogs
  2 bog bodies (Lair:4)
  A hippogriff (Lair:2)
  15 yaks
  2 wyverns (Lair:4)
  A spriggan (Lair:3)
  A basilisk (Lair:3)
  A swamp worm (Lair:4)
  19 water moccasins
  8 porcupines
  2 ice beasts
  4 black bears
  3 orc warriors
  A sky beast (D:6)
  3 ogres
  3 phantoms
  4 centaurs
  8 wolves
  5 crocodiles
  A big kobold (D:8)
  12 bullfrogs
  10 gnoll sergeants
  3 scorpions
  18 killer bees
  A howler monkey (D:4)
  An electric eel (Lair:4)
  A crimson imp (D:7)
  2 jellies
  A bullfrog zombie (D:5)
  5 orc priests
  A centaur skeleton (D:6)
  5 hounds
  6 orc wizards
  6 gnoll shamans (Bailey)
  3 iguanas
  Natasha (twice) (D:2)
  3 worker ants
  15 adders
  27 gnolls
  A howler monkey skeleton (D:7)
  2 shadow imps (D:5)
  An adder zombie (D:9)
  2 adder skeletons
  2 worms
  A dart slug (D:1)
  5 leopard geckos
  21 orcs
  9 giant cockroaches
  7 goblins
  7 hobgoblins
  2 jackals (D:1)
  12 kobolds
  4 quokkas
  6 ball pythons
  7 bats
  12 frilled lizards
  A jackal zombie (D:6)
  2 quokka skeletons
  A quokka zombie (D:6)
  7 rats
  A fungus (Lair:4)
364 creatures vanquished.

Vanquished Creatures (collateral kills)
  Gastronok (D:9)
  A hippogriff (D:8)
  2 yaks (Lair:2)
  Purgy (Sewer)
  A centaur (D:8)
  A crocodile (Lair:2)
  2 killer bees (D:8)
  A crimson imp (D:3)
  A hound (D:4)
  2 orc priests (D:4)
  A gnoll shaman (D:5)
  Terence (D:2)
  Jessica (D:3)
  Natasha (D:2)
  2 worker ants
  An adder (D:3)
  2 gnolls
  2 worms (D:3)
  3 orcs (D:4)
  A quokka (D:4)
  A quokka skeleton (D:4)
  A fungus (Lair:2)
30 creatures vanquished.

Vanquished Creatures (others)
  A killer bee (D:8)
  A bush (Lair:3)
  6 fungi
  11 plants
19 creatures vanquished.

Grand Total: 413 creatures vanquished

Notes
Turn   | Place    | Note
-------+----------+-------------------------------------------
     0 | D:1      | EnegeticOcto the Ogre Wizard began the quest for the Orb.
     0 | D:1      | Reached XP level 1. HP: 16/16 MP: 5/5
   180 | D:1      | Reached skill level 1 in Fighting
   276 | D:1      | Reached XP level 2. HP: 27/27 MP: 3/6
   307 | D:1      | Learned a level 2 spell: Call Imp
   310 | D:1      | Learned a level 2 spell: Blink
   915 | D:1      | Reached skill level 2 in Fighting
  1140 | D:1      | Reached XP level 3. HP: 35/35 MP: 2/8
  1481 | D:2      | Learned a level 3 spell: Conjure Flame
  1947 | D:2      | Noticed Terence
  1962 | D:2      | Reached skill level 3 in Fighting
  2057 | D:2      | Killed Terence
  2057 | D:2      | Reached XP level 4. HP: 45/45 MP: 6/10
  2123 | D:2      | Found a faded altar of an unknown god.
  2127 | D:2      | You fall through a shaft!
  2176 | D:3      | Found a bloodstained altar of Trog.
  2213 | D:3      | Noticed Jessica
  2222 | D:3      | Killed Jessica
  2250 | D:3      | Reached skill level 5 in Spellcasting
  2277 | D:3      | Reached skill level 4 in Fighting
  2277 | D:3      | Reached XP level 5. HP: 53/54 MP: 6/12
  2392 | D:3      | Found a glowing drain.
  2429 | Sewer    | Entered a sewer
  2496 | Sewer    | Learned a level 3 spell: Mephitic Cloud
  2683 | Sewer    | Noticed Purgy
  2714 | Sewer    | Killed Purgy
  2714 | Sewer    | Reached skill level 1 in Conjurations
  2714 | Sewer    | Reached skill level 1 in Summonings
  2973 | D:3      | HP: 1/55 [orc wizard/magic dart (6)]
  2978 | D:3      | Reached XP level 6. HP: 29/63 MP: 8/14
  3673 | D:3      | Reached skill level 1 in Air Magic
  3903 | D:2      | Noticed Natasha
  3914 | D:2      | Killed Natasha
  4008 | D:2      | Noticed Natasha
  4017 | D:2      | Killed Natasha
  4209 | D:2      | Noticed Natasha
  4219 | D:2      | Killed Natasha
  4550 | D:4      | Noticed a phantom
  4698 | D:4      | Reached skill level 5 in Fighting
  4698 | D:4      | Reached XP level 7. HP: 62/72 MP: 11/15
  5811 | D:5      | Entered Level 5 of the Dungeon
  6080 | D:5      | Reached XP level 8. HP: 47/83 MP: 1/17
  6147 | D:5      | Reached skill level 6 in Fighting
  6569 | D:5      | Found an ancient bone altar of Kikubaaqudgha.
  6579 | D:5      | Became a worshipper of Kikubaaqudgha
  6850 | D:5      | Found a staircase to the Ecumenical Temple.
  7887 | D:5      | Reached skill level 7 in Fighting
  8299 | D:6      | Reached * piety under Kikubaaqudgha
  8299 | D:6      | Identified Kikubaaqudgha's Papyrus of Sinister Rituals
                  | (Kikubaaqudgha gifted it to you on level 6 of the Dungeon)
  8299 | D:6      | Received a gift from Kikubaaqudgha
  8306 | D:6      | Learned a level 2 spell: Sublimation of Blood
  8429 | D:6      | Found a basalt altar of Yredelemnul.
  8734 | D:6      | Reached skill level 8 in Fighting
  8734 | D:6      | Reached XP level 9. HP: 96/96 MP: 16/20
  9271 | D:7      | Reached skill level 1 in Polearms
  9472 | D:7      | Noticed Pikel
  9508 | D:7      | Killed Pikel
  9508 | D:7      | Reached skill level 9 in Fighting
 10042 | D:7      | Found a blossoming altar of Fedhas.
 10615 | D:8      | Noticed Erica
 10658 | D:8      | Killed Erica
 10828 | D:8      | Reached skill level 5 in Polearms
 10828 | D:8      | Reached XP level 10. HP: 97/109 MP: 21/23
 11355 | D:8      | Reached ** piety under Kikubaaqudgha
 11359 | D:8      | Reached skill level 10 in Fighting
 12905 | D:9      | Noticed Joseph
 12964 | D:9      | Killed Joseph
 13088 | D:9      | Noticed Gastronok
 13398 | D:9      | Found a flagged portal.
 13399 | D:9      | Noticed a two-headed ogre
 13404 | Bailey   | Entered a bailey
 13911 | Bailey   | Reached *** piety under Kikubaaqudgha
 13911 | Bailey   | Identified Kikubaaqudgha's Papyrus of Dark Rituals
                  | (Kikubaaqudgha gifted it to you in a bailey)
 13911 | Bailey   | Received a gift from Kikubaaqudgha
 13920 | Bailey   | Learned a level 5 spell: Borgnjor's Vile Clutch
 14355 | D:9      | Killed a two-headed ogre
 14355 | D:9      | Reached skill level 10 in Spellcasting
 14668 | D:9      | Reached XP level 11. HP: 104/119 MP: 25/25
 15049 | D:9      | Reached skill level 11 in Fighting
 15381 | D:9      | Killed Gastronok
 15653 | D:10     | Entered Level 10 of the Dungeon
 15989 | D:10     | Noticed a two-headed ogre
 16036 | D:10     | Killed a two-headed ogre
 16329 | D:10     | Noticed a death yak
 16335 | D:10     | Noticed a death yak
 16337 | D:10     | Noticed a death yak
 16339 | D:10     | Noticed a death yak
 16345 | D:10     | Killed a death yak
 16345 | D:10     | Reached skill level 5 in Dodging
 16354 | D:10     | Killed a death yak
 16368 | D:10     | Killed a death yak
 16412 | D:10     | Killed a death yak
 16412 | D:10     | Reached skill level 12 in Fighting
 16646 | D:10     | Found a staircase to the Lair.
 17072 | Lair:1   | Entered Level 1 of the Lair of Beasts
 17541 | Lair:1   | Reached skill level 10 in Polearms
 18033 | Lair:1   | Reached skill level 1 in Necromancy
 18033 | Lair:1   | Reached skill level 1 in Earth Magic
 18061 | Lair:1   | Reached **** piety under Kikubaaqudgha
 18162 | Lair:1   | Reached XP level 12. HP: 87/133 MP: 18/26
 18775 | Lair:1   | Found a blossoming altar of Fedhas.
 19248 | Lair:2   | Learned a level 5 spell: Bolt of Draining
 19401 | Lair:2   | Noticed Harold
 19476 | Lair:2   | Killed Harold
 21442 | Lair:3   | Noticed a death yak
 21442 | Lair:3   | Noticed a death yak
 21442 | Lair:3   | Noticed a death yak
 21443 | Lair:3   | Noticed a death yak
 21443 | Lair:3   | Noticed a death yak
 21443 | Lair:3   | Noticed a death yak
 22260 | Lair:3   | Reached skill level 13 in Fighting
 22360 | Lair:3   | Got a fine morningstar
 22370 | Lair:3   | Identified the +8 morningstar of Isaj {flame, rN+} (You
                  | found it on level 3 of the Lair of Beasts)
 22602 | Lair:3   | Noticed a four-headed hydra
 22616 | Lair:3   | Killed a four-headed hydra
 22919 | Lair:3   | Killed a death yak
 23000 | Lair:2   | Killed a death yak
 23000 | Lair:2   | Reached skill level 5 in Necromancy
 23981 | Lair:3   | Found a staircase to the Snake Pit.
 24025 | Lair:3   | Reached XP level 13. HP: 124/144 MP: 25/27
 25787 | Lair:4   | Reached skill level 5 in Conjurations
 27382 | Lair:4   | Found a staircase to the Swamp.
 27672 | Lair:5   | Reached ***** piety under Kikubaaqudgha
 27930 | Lair:5   | Reached skill level 5 in Earth Magic
 27948 | Lair:5   | HP: 7/145 [wolf (4)]
 27953 | Lair:5   | HP: 1/145 [wolf (5)]
 27956 | Lair:5   | Slain by a wolf

Levels and vault maps discovered:
D:1:      evilmike_arrival_come_back, layout_loops_corners
D:2:      layout_rooms, chequers_ecumenical_altar_twisty, first_ration,
          uniq_terence, uniq_natasha
D:3:      layout_basic, portal_sewer_entry_d, nrook_loot_triangle,
          trog_three_pillars_becter, uniq_jessica
D:4:      layout_basic, kennysheep_generic_room_6
D:5:      layout_loops_corners, temple_pool_b, basic_altar
D:6:      layout_rooms, yredelemnul_altar_generic
D:7:      layout_basic, fedhas_altar_2, uniq_pikel
D:8:      layout_gridville, david_nohive_1, minmay_misc_feat_square, uniq_erica
D:9:      layout_basic, enter_bailey_1, minmay_sticks_and_stones, uniq_gastronok
D:10:     layout_loops_ring, dpeg_lair_monsters
Lair:1:   layout_roguey, basic_altar, nzn_random_ring, lemuel_fruit_tree,
          grunt_megastairs_2, infiniplex_staircase_pool_2
Lair:2:   layout_chaotic_city, grunt_megastairs_3, minmay_lair_oklob_chamber,
          uniq_harold
Lair:3:   layout_cave_pods, minmay_snake_entry_six_corridors,
          grunt_forest_large_clearing_hut, serial_bayou_shore_b,
          lemuel_fruit_fields
Lair:4:   layout_gridlike, nicolae_swamp_entry_splash_gauntlet
Lair:5:   layout_regular_city, serial_bayou_shore_b, infiniplex_staircase_pool

Skill      XL: |  1  2  3  4  5  6  7  8  9 10 11 12 13 |
---------------+----------------------------------------+-----
Fighting       | 1 2 3 4 5 8 9 10 12 13 | 13.8
Spellcasting   | 4 5 6 7 9 10 11 | 11.0
Conjurations   | 1 2 4 5 |  5.0
Summonings     | 1 2 3 4 |  4.0
Air Magic      | 1 2 4 |  4.0
Polearms       | 5 7 10 | 10.0
Dodging        | 3 5 6 |  6.4
Necromancy     | 1 5 6 |  6.9
Earth Magic    | 1 3 5 |  5.0
Stealth        | |  1.4
Translocations | |  0.8

Action                   |  1- 3 |  4- 6 |  7- 9 | 10-12 | 13-15 || total
-------------------------+-------+-------+-------+-------+-------++-------
Melee: Dagger            |    11 |   118 |    16 |       |       ||   145
       Trident           |       |     7 |   460 |   341 |       ||   808
       Staff             |       |       |       |     9 |       ||     9
       Whip              |       |       |       |     7 |       ||     7
       Spear             |       |       |       |   144 |   171 ||   315
Throw: Stone             |       |       |     3 |       |       ||     3
       Javelin           |       |       |     3 |     4 |       ||     7
       Throwing net      |       |       |       |     1 |       ||     1
 Cast: Magic Dart        |    92 |    74 |    59 |   210 |    86 ||   521
       Call Imp          |     2 |    33 |    17 |    55 |     1 ||   108
       Conjure Flame     |       |     1 |    19 |    86 |     7 ||   113
       Mephitic Cloud    |       |       |    23 |    63 |       ||    86
       Blink             |       |       |     4 |     4 |     5 ||    13
       Sublimation of Bl |       |       |       |     6 |       ||     6
       Bolt of Draining  |       |       |       |     8 |     5 ||    13
       Borgnjor's Vile C |       |       |       |     6 |    18 ||    24
Evoke: Wand              |       |       |     2 |    23 |       ||    25
       Lightning rod     |       |       |       |     7 |       ||     7
  Use: Potion            |       |     3 |     1 |     3 |     8 ||    15
       Scroll            |       |     1 |    10 |     8 |     2 ||    21
 Stab: Sleeping          |     1 |     3 |       |     1 |       ||     5
       Confused          |       |       |     6 |     7 |       ||    13
       Distracted        |       |       |     1 |       |       ||     1
  Eat: Chunk             |     3 |     8 |    17 |    21 |     5 ||    54
       Ration            |       |       |     1 |     7 |     3 ||    11
Armor: Robe              |    12 |    35 |    79 |    93 |    15 ||   234
       Skin              |       |       |       |    24 |       ||    24
Dodge: Dodged            |    28 |   107 |   228 |   322 |   124 ||   809
Block: Other             |       |       |    41 |    60 |    29 ||   130
       Reflection        |       |       |     2 |     4 |       ||     6

Table legend:
 A = Non-vault XP
 B = Vault XP
 C = Vault XP percentage of total XP
 D = Non-vault monster count
 E = Vault monster count
 F = Vault count percentage of total count
                 A         B        C        D         E       F
            +---------+---------+-------+---------+---------+-------
      Total |   26882 |   16100 |  37.5 |     287 |     106 |  27.0
            +---------+---------+-------+---------+---------+-------
        D:1 |      38 |       0 |   0.0 |      24 |       0 |   0.0
        D:2 |     122 |      48 |  28.2 |      24 |       2 |   7.7
        D:3 |     168 |      32 |  16.0 |      27 |       2 |   6.9
        D:4 |     557 |      14 |   2.5 |      21 |       1 |   4.5
        D:5 |     871 |       0 |   0.0 |      29 |       0 |   0.0
        D:6 |     653 |       0 |   0.0 |      17 |       0 |   0.0
        D:7 |     638 |     602 |  48.5 |      22 |       1 |   4.3
        D:8 |     736 |    1663 |  69.3 |      11 |      15 |  57.7
        D:9 |    1697 |    2125 |  55.6 |      16 |       2 |  11.1
       D:10 |    2489 |    2899 |  53.8 |      21 |       4 |  16.0
     Lair:1 |    1614 |    2221 |  57.9 |       7 |      10 |  58.8
     Lair:2 |    4997 |    1425 |  22.2 |      21 |       6 |  22.2
     Lair:3 |    6069 |    3140 |  34.1 |      16 |      21 |  56.8
     Lair:4 |    4332 |     715 |  14.2 |      20 |       4 |  16.7
     Lair:5 |    1901 |       0 |   0.0 |      11 |       0 |   0.0
      Sewer |       0 |      86 | 100.0 |       0 |       8 | 100.0
     Bailey |       0 |    1130 | 100.0 |       0 |      30 | 100.0
            +---------+---------+-------+---------+---------+-------
